 Dungeon Crawl Stone Soup version 0.21.1-1-g345015fe64 (webtiles) character file.

259618 Lothor the Hoplite (level 19, -1/177 HPs)
             Began as a Minotaur Fighter on Mar 25, 2018.
             Was the Champion of the Shining One.
             Killed from afar by a shock serpent (5 damage)
             ... with an electric aura
             ... on level 4 of the Snake Pit on Mar 31, 2018.
             The game lasted 03:48:18 (35671 turns).

Lothor the Hoplite (Minotaur Fighter)              Turns: 35671, Time: 03:48:18

Health: -1/177     AC: 22    Str: 32    XL:     19   Next: 53%
Magic:  15/18      EV: 18    Int:  5    God:    the Shining One [******]
Gold:   3237       SH: 41    Dex: 18    Spells: 18/18 levels left

rFire    + + .     SeeInvis .   J - +10 morningstar "Eos" {elec, Halo rElec}
rCold    + + .     Gourm    .   p - +5 large shield
rNeg     + + +     Faith    .   y - +6 leather armour of the Evil One {Str+6}
rPois    +         Spirit   .   R - +2 hat of Meculeeph {+Inv rC+ MR-}
rElec    +         Reflect  +   V - scarf {rC+ rF+}
rCorr    +         Harm     .   u - +2 pair of gloves {Str+3}
MR       +....                  Q - +2 pair of boots
Stlth    +.........             B - amulet of Temptation {Reflect Slay+2 SH+3}
HPRegen  0.39/turn              t - ring of resist corrosion
MPRegen  0.16/turn              X - ring of poison resistance

@: divine shield, about to teleport, slowed, glowing, constricted, very slow
A: retaliatory headbutt, horns 2, icy blue scales 1, agile 1, fire resistance 1,
magic resistance 1
}: 1/15 runes: decaying
a: Divine Shield, Cleansing Flame, Summon Divine Warrior, Brand Weapon With Holy
Wrath, Renounce Religion, Evoke Invisibility


You were on level 4 of the Snake Pit.
You worshipped the Shining One.
The Shining One was exalted by your worship.
You were not hungry.

You visited 7 branches of the dungeon, and saw 35 of its levels.
You also visited: Ossuary, Ice Cave and Volcano.

You collected 4287 gold pieces.
You spent 1050 gold pieces at shops.

Inventory:

Hand Weapons
 J - the +10 morningstar "Eos" (weapon) {elec, Halo rElec}
   (You found it on level 7 of the Dungeon)

   Occasionally, upon striking a foe, it will discharge some electrical energy
   and cause terrible harm.
   It insulates you from electricity.
Missiles
 b - 2 throwing nets
 M - 17 tomahawks (quivered)
Armour
 h - a +2 plate armour of cold resistance
 l - the +4 scale mail of the Harvest {*Contam *Corrode rElec rF+++}
   (You bought it in a shop on level 2 of the Orcish Mines)

   It renders you almost immune to fire.
   It insulates you from electricity.
   It causes magical contamination when unequipped.
   It may corrode you when you take damage.
 p - a +5 large shield (worn)
 q - the +1 shield "Vuukuso" {Int+3 Dex+3}
   (You acquired it on level 4 of the Swamp)

   It affects your intelligence (+3).
   It affects your dexterity (+3).
 u - a +2 pair of gloves of strength (worn)
 v - the +3 ring mail "Wyzech" {rC++ rCorr MP-9}
   (You found it on level 2 of the Elven Halls)

   It greatly protects you from cold.
   It affects your magic capacity (-9).
   It protects you from acid and corrosion.
 y - the +6 leather armour of the Evil One (worn) {Str+6}
   (You found it on level 4 of the Dungeon)

   It affects your strength (+6).
 N - the +1 pair of gloves of the Storm King {rN+ Int+3 SInv}
   (You found it in an ice cave)

   It affects your intelligence (+3).
   It protects you from negative energy.
   It lets you see invisible.
 Q - a +2 pair of boots (worn)
 R - the +2 hat of Meculeeph (worn) {+Inv rC+ MR-}
   (You found it in a volcano)

   It protects you from cold.
   It affects your resistance to hostile enchantments.
   It lets you turn invisible.
 V - a scarf of resistance (worn)
Jewellery
 i - an uncursed ring of protection from cold
 t - a ring of resist corrosion (left hand)
 B - the amulet of Temptation (around neck) {Reflect Slay+2 SH+3}
   (You bought it in a shop on level 2 of the Orcish Mines)

   [amulet of reflection]

   It shields you and reflects attacks.
   It affects your accuracy and damage with ranged weapons and melee attacks
   (+2).
   It affects your SH (+3).
 F - the amulet of the Echidna {Faith *Slow MR- Str+8 Int+10}
   (You found it on level 1 of the Swamp)

   [amulet of faith]

   It allows you to gain divine favour quickly.
   It affects your strength (+8).
   It affects your intelligence (+10).
   It affects your resistance to hostile enchantments.
   It may slow you when you take damage.
 X - a ring of poison resistance (right hand)
Wands
 G - a wand of acid (23)
 I - a wand of digging (19)
 P - a wand of disintegration (17)
 W - a wand of flame (56)
 Z - a wand of iceblast (24)
Scrolls
 a - 2 scrolls of summoning
 m - 6 scrolls of fear
 n - 22 scrolls of teleportation
 w - 11 scrolls of remove curse
 x - 9 scrolls of blinking
 z - 3 scrolls of magic mapping
 A - 4 scrolls of enchant weapon
 H - 3 scrolls of fog
 K - 2 scrolls of amnesia
 L - 2 scrolls of brand weapon
 O - 4 scrolls of identify
 Y - 3 scrolls of silence
Potions
 d - 8 potions of flight
 g - 2 potions of ambrosia
 j - a potion of cancellation
 k - 2 potions of resistance
 o - 9 potions of haste
 r - 6 potions of agility
 s - a potion of might
 C - 7 potions of heal wounds
 D - 12 potions of curing
 S - 5 potions of berserk rage
Miscellaneous
 c - a lamp of fire
 E - 3 phantom mirrors
 U - a fan of gales
Comestibles
 f - 50 rations


   Skills:
 + Level 17.3 Fighting
   Level 16.6(18.0) Axes
 - Level 12.5(16.0) Maces & Flails
 + Level 8.2 Throwing
 * Level 13.8 Armour
 + Level 11.8 Dodging
 * Level 23.8 Shields
 + Level 0.1 Invocations
 + Level 0.5 Evocations


You had 18 spell levels left.
You didn't know any spells.

Dungeon Overview and Level Annotations

Branches:
Dungeon (15/15)            Temple (1/1) D:7            Lair (6/6) D:10
  Swamp (4/4) Lair:2        Snake (4/4) Lair:2        Slime (0/5) Lair:5
    Orc (2/2) D:11            Elf (3/3) Orc:2        Vaults (0/5) D:13
 Depths (0/5) D:15

Altars:
Ashenzari
Cheibriados
Dithmenos
Elyvilon
Fedhas
Gozag
Hepliaklqana
Kikubaaqudgha
Makhleb
Nemelex Xobeh
Okawaru
Qazlal
Ru
Sif Muna
Trog
Uskayaw
Vehumet
Wu Jian
Xom
Yredelemnul
Zin
The Shining One
Beogh

Shops:
D:7 }   D:8 (   D:10 (   D:14 [   Orc:2 ([*=   Elf:1 *   Elf:2 =}=(

Annotations:
Lair:3 exclusion: oklob plant
Lair:4 exclusion: 2 oklob plants
Lair:5 exclusion: 4 oklob plants


Innate Abilities, Weirdness & Mutations

You reflexively headbutt those who attack you in melee.
You have a pair of horns on your head.
You are partially covered in icy blue scales. (AC +2)
You are agile. (Dex +2)
Your flesh is heat resistant. (rF+)
You are resistant to hostile enchantments. (MR+)


Message History

The naga sharpshooter magically shoots a bolt.
You reflect the bolt off an invisible shield around you!
The naga sharpshooter casts a spell.
The naga sharpshooter magically shoots an arrow.
You reflect the arrow off an invisible shield around you!
The naga mage misses you. The naga hits you with a scimitar!!
* * * LOW HITPOINT WARNING * * *
The naga constricts you.
The nagaraja hits you from afar with a halberd!
* * * LOW HITPOINT WARNING * * *
You block the black mamba's attack.
The naga mage gestures wildly while chanting.
The naga mage seems to speed up.
You block the naga mage's attack.
The nagaraja gestures wildly while chanting.
The nagaraja seems to speed up.
The naga mage mumbles some strange words.
The naga mage seems to speed up.
The shock serpent closely misses you. You furiously retaliate!
You headbutt the shock serpent!
The shock serpent's electric aura discharges, shocking you!
You die...

######
.φ....###
........##
..S......#
.NN..S...#
NNN.NN...##
....NNNN..##
..N.NNN@...#
..$.NNNSSS.#
.N..!N.N..S#
....N#.NNNNN#
.#.N..N.N..N..
........#.N.[..
... ..#........
.⌠...#.#..N...#


You could see 4 naga warriors, 4 nagarajas, 5 naga sharpshooters, 4 naga
ritualists, a shock serpent, a guardian serpent, 4 black mambas, 10 naga magi
and 6 nagas.

Vanquished Creatures
  Vashnia (Snake:2)
  5 deep elf blademasters (Elf:3)
  3 deep elf master archers (Elf:3)
  8 thorn hunters
  Roxanne (Swamp:1)
  2 nagarajas
  3 deep elf sorcerers
  A frost giant (IceCv)
  A fire giant (D:15)
  Aizul (Snake:2)
  3 orc warlords
  2 deep elf elementalists (Elf:3)
  A stone giant (Orc:1)
  Azrael (D:13)
  5 deep elf annihilators
  A deep elf demonologist (Elf:1)
  2 ettins (Orc:1)
  2 deep elf high priests (Elf:3)
  6 deep elf death magi
  Harold (D:12)
  A fire dragon (D:15)
  3 naga warriors
  A ghost crab (Swamp:3)
  15 hydras
  3 catoblepae (Lair:6)
  The ghost of Oravi the Fighter, a journeyman HaFi of Okawaru (D:10)
  8 two-headed ogres
  2 anacondas
  2 centaur warriors (D:15)
  24 dancing weapons
  2 tengu warriors
  6 orc high priests
  14 naga sharpshooters
  The ghost of epok the Bludgeoner, a journeyman GrBe of Trog (Lair:2)
  11 alligators
  10 death yaks
  Sonja (D:12)
  3 shock serpents
  2 slime creatures (D:13)
  14 deep elf knights
  5 skeletal warriors (D:15)
  2 spriggan druids
  A naga ritualist (Snake:2)
  4 unseen horrors
  14 swamp dragons
  5 shambling mangroves (Swamp:2)
  A deep elf archer (Elf:2)
  4 lindwurms
  11 orc sorcerers
  16 orc knights
  An orb spider (shapeshifter) (D:13)
  4 mana vipers
  An oklob plant (Swamp:2)
  3 ugly things
  55 deep elf magi
  3 salamanders
  A faun (shapeshifter) (Elf:2)
  2 manticores (Lair:6)
  13 cyclopes
  6 elephants (Lair:5)
  A guardian serpent (Snake:3)
  8 naga magi
  14 black mambas
  An ice statue (IceCv)
  23 spiny frogs
  A smoke demon (Volcano)
  3 rime drakes
  7 centaur skeletons
  8 komodo dragons
  2 efreet (D:15)
  A kobold demonologist (D:14)
  A red devil (Volcano)
  10 trolls
  6 meliai
  17 polar bears
  A tengu conjurer (D:15)
  Grinder (D:3)
  2 large abominations (Elf:1)
  11 hornets
  Prince Ribbit (D:7)
  7 tyrant leeches
  10 hippogriffs
  8 bog bodies
  32 blink frogs
  3 spriggans
  19 flying skulls (D:15)
  3 shadows
  4 water elementals
  5 wraiths
  84 yaks
  6 fire bats (Volcano)
  4 wyverns
  4 basilisks
  Grum (D:8)
  16 vampire mosquitoes
  4 hungry ghosts
  7 wargs
  4 acid dragons
  9 insubstantial wisps (Swamp:2)
  17 swamp worms
  21 nagas
  A soldier ant (shapeshifter) (Elf:1)
  Duvessa (D:4)
  5 porcupines
  4 hell hounds
  20 water moccasins
  The ghost of asdpro the Skirmisher, an amateur MiFi (D:3)
  4 ice beasts
  9 swamp drakes
  3 sky beasts
  5 black bears
  39 orc warriors
  2 necrophages
  4 phantoms
  10 centaurs
  An eye of draining (D:10)
  49 wolves
  14 ogres
  7 crocodiles
  3 big kobolds
  A wyvern zombie (D:9)
  4 elf zombies (Elf:1)
  24 bullfrogs
  2 earth elementals
  5 scorpions
  Dowan (D:4)
  3 wights (D:9)
  4 killer bees (D:10)
  An oklob sapling (Swamp:2)
  2 howler monkeys (D:10)
  An electric eel (Lair:2)
  12 crimson imps
  5 centaur zombies
  10 lava snakes (Volcano)
  3 bullfrog zombies
  9 hounds
  30 orc priests
  8 jellies
  2 human zombies (Ossuary)
  33 orc wizards
  Crazy Yiuf (D:7)
  A bullfrog skeleton (D:8)
  3 iguanas
  9 worker ants
  2 big kobold zombies (Ossuary)
  3 hound zombies
  A hound skeleton (D:11)
  6 mummies (Ossuary)
  2 worker ant zombies
  Robin (D:3)
  18 adders
  3 gnolls (D:6)
  5 shadow imps
  4 adder zombies
  3 worms
  A dart slug (D:4)
  7 leopard geckos
  111 orcs
  4 giant cockroaches
  A gnoll zombie (Ossuary)
  18 goblins
  12 hobgoblins
  7 jackals
  13 kobolds
  3 quokkas
  A ball python (D:5)
  A ball python skeleton (D:5)
  6 bats
  9 frilled lizards
  A giant cockroach zombie (D:5)
  A kobold zombie (Ossuary)
  An orc zombie (Ossuary)
  A quokka skeleton (D:6)
  A quokka zombie (D:8)
  6 rats
  8 briar patches
  6 fungi
  3 plants
1339 creatures vanquished.

Vanquished Creatures (others)
  A deep elf master archer (Elf:3)
  4 naga sharpshooters (Snake:1)
  2 deep elf archers
  2 cyclopes (Orc:1)
  5 centaurs
  2 orcs
  2 briar patches
  10 fungi
  8 plants
36 creatures vanquished.

Grand Total: 1375 creatures vanquished

Notes
Turn   | Place    | Note
-------+----------+-------------------------------------------
     0 | D:1      | Lothor the Minotaur Fighter began the quest for the Orb.
     0 | D:1      | Reached XP level 1. HP: 19/19 MP: 0/0
    51 | D:1      | Reached XP level 2. HP: 15/26 MP: 1/1
   741 | D:1      | Reached XP level 3. HP: 26/31 MP: 2/2
   863 | D:2      | Found a blossoming altar of Fedhas.
   886 | D:2      | Reached skill level 5 in Axes
   939 | D:2      | Reached XP level 4. HP: 20/39 MP: 3/3
  1144 | D:2      | Found an ornate altar of the Wu Jian Council.
  1145 | D:2      | Found a burning altar of Makhleb.
  1145 | D:2      | Found a shattered altar of Ashenzari.
  1711 | D:3      | Noticed asdpro's ghost (amateur MiFi)
  1911 | D:3      | Killed asdpro's ghost
  1911 | D:3      | Reached XP level 5. HP: 45/45 MP: 4/4
  2019 | D:3      | Noticed Robin
  2076 | D:3      | Killed Robin
  2497 | D:3      | Reached XP level 6. HP: 51/51 MP: 5/5
  2634 | D:3      | Noticed Grinder
  2642 | D:3      | Paralysed by Grinder for 3 turns
  2653 | D:3      | Gained mutation: Your flesh is heat resistant. (rF+) [potion of mutation]
  2653 | D:3      | Gained mutation: You are partially covered in icy blue scales. (AC +2) [potion of mutation]
  2653 | D:3      | Gained mutation: You are resistant to hostile enchantments. (MR+) [potion of mutation]
  2653 | D:3      | Gained mutation: You are agile. (Dex +2) [potion of mutation]
  2862 | D:3      | Killed Grinder
  3150 | D:4      | Got a scorched leather armour
  3151 | D:4      | Identified the +6 leather armour of the Evil One {Str+6} (You found it on level 4 of the Dungeon)
  3171 | D:4      | Noticed Dowan
  3179 | D:4      | Noticed Duvessa
  3181 | D:4      | Killed Dowan
  3181 | D:4      | Reached XP level 7. HP: 57/57 MP: 6/6
  3194 | D:4      | Killed Duvessa
  3271 | D:4      | Reached skill level 10 in Axes
  3345 | D:4      | Found a sacrificial altar of Ru.
  3839 | D:5      | Entered Level 5 of the Dungeon
  3995 | D:5      | Reached XP level 8. HP: 64/64 MP: 7/7
  4563 | D:6      | Found a blossoming altar of Fedhas.
  4842 | D:6      | Reached XP level 9. HP: 58/70 MP: 8/8
  5232 | D:7      | Found Dubo Lod's Gadget Shoppe.
  5347 | D:7      | Found a deep blue altar of Sif Muna.
  5397 | D:7      | Noticed Prince Ribbit
  5529 | D:7      | Found a staircase to the Ecumenical Temple.
  5591 | D:7      | Killed Prince Ribbit
  5628 | D:7      | Reached skill level 15 in Axes
  5673 | D:7      | Found a sand-covered staircase.
  5678 | Ossuary  | Entered an ossuary
  6009 | D:7      | Found a stormy altar of Qazlal.
  6163 | D:7      | Found a runed door.
  6189 | D:7      | Noticed Crazy Yiuf
  6190 | D:7      | Found the +10 morningstar "Eos" {elec, Halo rElec}
  6193 | D:7      | Killed Crazy Yiuf
  6365 | Temple   | Entered the Ecumenical Temple
  6481 | Temple   | Became a worshipper of the Shining One
  6612 | D:8      | Found a glowing golden altar of the Shining One.
  6651 | D:8      | Found Uronub's Antique Weapon Shoppe.
  6789 | D:8      | Noticed Grum
  6809 | D:8      | Reached XP level 10. HP: 21/77 MP: 2/9
  6826 | D:8      | Killed Grum
  7568 | D:8      | Found a glowing silver altar of Zin.
  7638 | D:9      | Found a snail-covered altar of Cheibriados.
  7683 | D:9      | Reached * piety under the Shining One
  7689 | D:9      | Noticed a two-headed ogre
  7702 | D:9      | Reached skill level 4 in Shields
  7704 | D:9      | Killed a two-headed ogre
  7704 | D:9      | Reached skill level 1 in Throwing
  7704 | D:9      | Reached skill level 1 in Dodging
  7765 | D:9      | Noticed a two-headed ogre
  8020 | D:9      | Killed a two-headed ogre
  8020 | D:9      | Reached skill level 5 in Shields
  8107 | D:9      | Reached skill level 6 in Shields
  8114 | D:9      | Reached skill level 5 in Fighting
  8621 | D:10     | Entered Level 10 of the Dungeon
  8670 | D:10     | Reached ** piety under the Shining One
  8706 | D:10     | Got a scorched ring mail
  8707 | D:10     | Identified the +4 ring mail of Uskayaw's Delight {Slay+2} (You took it off an orc on level 10 of the Dungeon)
  8821 | D:10     | Reached skill level 7 in Shields
  8854 | D:10     | Found Ovinus's Weapon Shop.
  8870 | D:10     | Reached XP level 11. HP: 80/88 MP: 8/10
  8879 | D:10     | Found a staircase to the Lair.
  9452 | D:10     | Noticed Oravi's ghost (journeyman HaFi)
  9474 | D:10     | Killed Oravi's ghost
  9474 | D:10     | Reached skill level 8 in Shields
  9771 | D:11     | Reached *** piety under the Shining One
  9785 | D:11     | Noticed a four-headed hydra
 10025 | D:11     | Killed a four-headed hydra
 10081 | D:11     | Reached skill level 5 in Throwing
 10099 | D:11     | Reached skill level 1 in Maces & Flails
 10148 | D:11     | Found a staircase to the Orcish Mines.
 10296 | D:11     | Noticed an orc sorcerer
 10297 | D:11     | Noticed an orc sorcerer
 10297 | D:11     | Noticed an orc knight
 10298 | D:11     | Paralysed by an orc sorcerer for 4 turns
 10302 | D:11     | Killed an orc sorcerer
 10304 | D:11     | Noticed a sixfirhy
 10307 | D:11     | Killed an orc knight
 10307 | D:11     | Reached skill level 9 in Shields
 10313 | D:11     | Killed an orc sorcerer
 10431 | D:11     | Found the +5 scythe "Finisher" {speed, Str+3}
 10474 | D:11     | Reached **** piety under the Shining One
 10547 | D:11     | Noticed a white ugly thing
 10553 | D:11     | Killed a white ugly thing
 10574 | D:11     | Reached XP level 12. HP: 102/102 MP: 11/11
 10704 | D:11     | Reached skill level 5 in Maces & Flails
 11061 | D:12     | Noticed a two-headed ogre
 11067 | D:12     | Killed a two-headed ogre
 11081 | D:12     | Noticed a two-headed ogre
 11093 | D:12     | Killed a two-headed ogre
 11173 | D:12     | Found a frozen archway.
 11192 | IceCv    | Entered an ice cave
 11267 | IceCv    | Reached ***** piety under the Shining One
 11361 | IceCv    | Reached skill level 5 in Dodging
 11506 | IceCv    | Reached skill level 10 in Shields
 11686 | IceCv    | Reached skill level 10 in Fighting
 11793 | IceCv    | Noticed a death yak
 11793 | IceCv    | Noticed a frost giant
 11802 | IceCv    | Killed a death yak
 11813 | IceCv    | Killed a frost giant
 11813 | IceCv    | Reached XP level 13. HP: 77/114 MP: 8/12
 11839 | IceCv    | Identified Sif Muna's Guide on the Snowflakes
 11850 | IceCv    | Got a pair of bloodstained gloves
 11855 | IceCv    | Identified the +1 pair of gloves of the Storm King {rN+ Int+3 SInv} (You found it in an ice cave)
 12123 | D:12     | Noticed Sonja
 12141 | D:12     | Killed Sonja
 12275 | D:12     | Noticed Harold
 12279 | D:12     | Killed Harold
 12314 | D:13     | Noticed Azrael
 12329 | D:13     | Reached skill level 10 in Maces & Flails
 12340 | D:13     | Killed Azrael
 12489 | D:13     | Reached skill level 5 in Armour
 12505 | D:13     | Reached skill level 11 in Shields
 12744 | D:13     | Found a gate to the Vaults.
 13262 | D:14     | Found Jiel's Antique Armour Emporium.
 13314 | D:14     | Paralysed by a hornet for 3 turns
 13419 | D:14     | Reached ****** piety under the Shining One
 13945 | D:15     | Entered Level 15 of the Dungeon
 13966 | D:15     | Noticed a fire dragon
 13973 | D:15     | Killed a fire dragon
 13973 | D:15     | Reached XP level 14. HP: 92/124 MP: 10/13
 14090 | D:15     | Reached skill level 12 in Shields
 14365 | D:15     | Found a staircase to the Depths.
 14365 | D:15     | Noticed a fire giant
 14379 | D:15     | Killed a fire giant
 14387 | D:15     | Found the +3 giant club "Skullcrusher" {speed, Str+7}
 15062 | Lair:1   | Entered Level 1 of the Lair of Beasts
 15112 | Lair:1   | Reached skill level 13 in Shields
 15926 | Lair:2   | Found a staircase to the Snake Pit.
 16064 | Lair:2   | Found a staircase to the Swamp.
 16292 | Lair:2   | Noticed epok's ghost (journeyman GrBe)
 16303 | Lair:2   | Killed epok's ghost
 17019 | Lair:3   | Got a transparent leather armour
 17020 | Lair:3   | Identified the +1 leather armour of the Heavens {Str+4} (You found it on level 3 of the Lair of Beasts)
 17063 | Lair:3   | Reached skill level 14 in Shields
 17189 | Lair:3   | Reached XP level 15. HP: 121/134 MP: 14/14
 17504 | Lair:3   | Found a blossoming altar of Fedhas.
 18095 | Lair:4   | Reached skill level 10 in Armour
 18203 | Lair:4   | Found a dark tunnel.
 18208 | Volcano  | Entered a volcano
 18435 | Volcano  | Found a radiant altar of Vehumet.
 18441 | Volcano  | Got an ichor-stained hat
 18479 | Lair:4   | Identified the +2 hat of Meculeeph {+Inv rC+ MR-} (You found it in a volcano)
 20058 | Lair:5   | Found a staircase to the Slime Pits.
 20100 | Lair:6   | Entered Level 6 of the Lair of Beasts
 20125 | Lair:6   | Reached skill level 15 in Shields
 21882 | Orc:1    | Entered Level 1 of the Orcish Mines
 22113 | Orc:1    | Reached skill level 16 in Shields
 22252 | Orc:1    | Reached XP level 16. HP: 130/146 MP: 15/15
 22381 | Orc:1    | Got a translucent morningstar {drain}
 22387 | Orc:1    | Identified the cursed +2 morningstar "Reaqieqa" {drain, *Noise Str+5} (You took it off an orc on level 1 of the Orcish Mines)
 22438 | Orc:1    | Identified Plog's Disquisition on Feathery Poison
 22586 | Orc:2    | Entered Level 2 of the Orcish Mines
 23012 | Orc:2    | Paralysed by an orc sorcerer for 3 turns
 23040 | Orc:2    | Paralysed by an orc sorcerer for 3 turns
 23400 | Orc:2    | Found a staircase to the Elven Halls.
 23489 | Orc:2    | Reached skill level 17 in Shields
 24042 | Orc:2    | Found Syrryx's Antique Armour Emporium.
 24043 | Orc:2    | Found Xyuh's Antique Weapon Shoppe.
 24048 | Orc:2    | Found Loun's General Store.
 24048 | Orc:2    | Found Milec's Jewellery Emporium.
 24106 | Orc:2    | Bought a distressingly furry scale mail for 198 gold pieces
 24106 | Orc:2    | Identified the +4 scale mail of the Harvest {*Contam *Corrode rElec rF+++} (You bought it in a shop on level 2 of the Orcish Mines)
 24116 | Orc:2    | Bought the amulet of Temptation {Reflect Slay+2 SH+3} for 497 gold pieces
 24472 | Elf:1    | Entered Level 1 of the Elven Halls
 24561 | Elf:1    | Noticed an Executioner
 24633 | Elf:1    | Found Pisibo Ykai's General Store.
 24656 | Elf:1    | Bought a potion of curing for 45 gold pieces
 24656 | Elf:1    | Bought a scroll of identify for 30 gold pieces
 25131 | Elf:1    | Reached skill level 18 in Shields
 25261 | Elf:1    | Identified the Grimoire of Evil
 25760 | Elf:2    | Reached skill level 15 in Fighting
 25838 | Elf:2    | Identified the Volume of Confrontation
 25861 | Elf:2    | Found Meohetil's Antique Weapon Shop.
 26012 | Elf:2    | Found a deep blue altar of Sif Muna.
 26045 | Elf:2    | Found Yvatilell's Jewellery Shop.
 26046 | Elf:2    | Found Qexzyq's Gadget Shoppe.
 26047 | Elf:2    | Found Mimih's Jewellery Shop.
 26057 | Elf:2    | Bought an uncursed ring of resist corrosion for 280 gold pieces
 26177 | Elf:2    | Found a huge runed gate.
 26178 | Elf:2    | Found a huge runed gate.
 26178 | Elf:2    | Found a huge runed gate.
 26179 | Elf:2    | Found a huge runed gate.
 26179 | Elf:2    | Found a huge runed gate.
 26230 | Elf:2    | Reached XP level 17. HP: 130/156 MP: 16/16
 26322 | Elf:2    | Reached skill level 10 in Dodging
 26358 | Elf:2    | Reached skill level 19 in Shields
 26866 | Elf:2    | Got a fine ring mail
 26867 | Elf:2    | Identified the +3 ring mail "Wyzech" {rC++ rCorr MP-9} (You found it on level 2 of the Elven Halls)
 26893 | Elf:3    | Entered Level 3 of the Elven Halls
 27449 | Elf:3    | Found a roughly hewn altar of Beogh.
 27840 | Elf:3    | Noticed a deep elf master archer
 27858 | Elf:3    | Killed a deep elf master archer
 27858 | Elf:3    | Reached skill level 20 in Shields
 27894 | Elf:3    | Noticed a deep elf master archer
 27894 | Elf:3    | Noticed a deep elf blademaster
 27897 | Elf:3    | Noticed a deep elf blademaster
 27900 | Elf:3    | Noticed a deep elf master archer
 27911 | Elf:3    | Killed a deep elf blademaster
 27913 | Elf:3    | Killed a deep elf master archer
 27919 | Elf:3    | Killed a deep elf blademaster
 27922 | Elf:3    | Killed a deep elf master archer
 27934 | Elf:3    | Noticed a deep elf blademaster
 27954 | Elf:3    | Killed a deep elf blademaster
 28317 | Elf:3    | Reached XP level 18. HP: 168/168 MP: 17/17
 28344 | Elf:3    | Got a brightly glowing dagger
 28346 | Elf:3    | Got a steaming hand axe
 28347 | Elf:3    | Identified the +8 dagger of Fimbulwinter {speed, +Rage rN+} (You found it on level 3 of the Elven Halls)
 28348 | Elf:3    | Identified the +2 hand axe "Gezumpeck" {chop, rElec rPois rF- Str+5} (You found it on level 3 of the Elven Halls)
 28391 | Elf:3    | Got a sapphire quick blade
 28392 | Elf:3    | Identified the cursed +0 quick blade "Izxoanez" {flame, rF+ Str-5 Dex+3} (You found it on level 3 of the Elven Halls)
 28445 | Elf:3    | Reached skill level 21 in Shields
 28499 | Elf:3    | Got a crude morningstar
 28525 | Elf:3    | Got a crude ring mail
 28566 | Elf:3    | Identified the +0 ring mail "Reculu" {Str+4} (You found it on level 3 of the Elven Halls)
 28568 | Elf:3    | Identified the +7 morningstar of Upheaval {pain, rN+ Dex+3} (You found it on level 3 of the Elven Halls)
 29212 | Swamp:1  | Entered Level 1 of the Swamp
 29308 | Swamp:1  | Noticed Roxanne
 29330 | Swamp:1  | Killed Roxanne
 29490 | Swamp:1  | Got a crude brass amulet
 30632 | Swamp:2  | Identified the amulet of the Echidna {Faith *Slow MR- Str+8 Int+10} (You found it on level 1 of the Swamp)
 30634 | Swamp:2  | Identified a scroll of acquirement
 30641 | Swamp:2  | Got a pair of encrusted gloves
 30642 | Swamp:2  | Identified the +1 pair of gloves "Latoimosh" {rC- Regen+ Int+5} (You acquired it on level 2 of the Swamp)
 30955 | Swamp:3  | Reached skill level 22 in Shields
 31832 | Swamp:4  | Entered Level 4 of the Swamp
 31837 | Swamp:4  | Got an iridescent great sword
 31838 | Swamp:4  | Identified the +9 great sword "Hiarr" {flame, +Fly Stlth+} (You found it on level 4 of the Swamp)
 31843 | Swamp:4  | Got a scorched shield
 31844 | Swamp:4  | Identified the +1 shield "Vuukuso" {Int+3 Dex+3} (You acquired it on level 4 of the Swamp)
 32887 | Swamp:4  | Reached XP level 19. HP: 163/177 MP: 18/18
 33066 | Swamp:4  | Got a decaying rune of Zot
 33230 | Snake:1  | Entered Level 1 of the Snake Pit
 33428 | Snake:1  | Reached skill level 23 in Shields
 33838 | Snake:2  | Noticed Vashnia
 33862 | Snake:2  | Killed Vashnia
 34001 | Snake:2  | Found an ornate altar of the Wu Jian Council.
 34525 | Snake:2  | Noticed Aizul
 34530 | Snake:2  | Killed Aizul
 34762 | Snake:3  | Got a faintly humming ring mail
 34763 | Snake:3  | Identified the +0 ring mail of Xobewaja {rElec Str+3 Int-4} (You found it on level 3 of the Snake Pit)
 35635 | Snake:4  | Entered Level 4 of the Snake Pit
 35671 | Snake:4  | HP: 4/177 [nagaraja/halberd (9)]
 35671 | Snake:4  | Killed from afar by a shock serpent

Skill      XL: |  1  2  3  4  5  6  7  8  9 10 11 12 13 14 15 16 17 18 19 |
---------------+----------------------------------------------------------+-----
Axes           | 3 4 5 7 9 11 13 16 | 16.6
Shields        | 7 9 10 11 14 16 18 20 22 23 | 23.8
Fighting       | 5 8 10 11 12 14 15 16 17 | 17.3
Throwing       | 3 6 7 8 |  8.2
Dodging        | 2 4 5 6 7 8 9 10 11 | 11.8
Armour         | 4 7 9 11 12 13 | 13.8
Maces & Flails | 4 9 12 | 12.5
Invocations    | |  0.1
Evocations     | |  0.5

Action                   |  1- 3 |  4- 6 |  7- 9 | 10-12 | 13-15 | 16-18 | 19-21 || total
-------------------------+-------+-------+-------+-------+-------+-------+-------++-------
Melee: War axe           |    93 |   134 |   330 |   234 |       |       |       ||   791
       Headbutt          |     8 |    26 |    78 |   161 |   262 |   360 |    70 ||   965
       Morningstar       |       |       |       |   272 |   924 |  1196 |   236 ||  2628
Throw: Stone             |       |       |     5 |     3 |       |       |       ||     8
       Throwing net      |       |       |       |       |     3 |       |       ||     3
       Tomahawk          |       |       |       |       |    10 |       |       ||    10
Invok: Divine Shield     |       |       |       |       |       |     1 |     1 ||     2
Evoke: Wand              |       |       |       |     1 |     5 |       |       ||     6
  Use: Potion            |     1 |     4 |     4 |     2 |     6 |     2 |     1 ||    20
       Scroll            |       |     4 |     7 |     8 |    11 |    24 |     3 ||    57
 Stab: Sleeping          |       |       |     2 |       |       |       |       ||     2
  Eat: Chunk             |       |     6 |     5 |    11 |    28 |    13 |     5 ||    68
       Ration            |       |     1 |     2 |     1 |     2 |     7 |     1 ||    14
Armor: Scale mail        |    46 |    29 |       |       |       |       |       ||    75
       Leather armour    |       |       |    50 |    66 |    96 |    97 |    27 ||   336
Dodge: Dodged            |    26 |    21 |    25 |    71 |   157 |   210 |    76 ||   586
Block: Shield            |    49 |    11 |       |       |       |       |       ||    60
       Large shield      |       |    78 |   236 |   452 |   857 |  1094 |   370 ||  3087
       Reflection        |       |     2 |     5 |    27 |    58 |    75 |    91 ||   258
